 Dungeon Crawl Stone Soup version 0.30-a0-782-ge64f9170bb (webtiles) character file.

Game seed: 12065376597031088910

576 KleinerIrrer the Conjurer (level 7, -1/103 HPs)
             Began as a Demonspawn Conjurer on Feb 22, 2023.
             Slain by a gnoll
             ... wielding a +0 spear
             ... led by a gnoll bouda
              (5 damage)
             ... on level 5 of the Dungeon.
             The game lasted 00:09:05 (3399 turns).

KleinerIrrer the Conjurer (Demonspawn Conjurer)     Turns: 3399, Time: 00:09:05

Health: -1/103     AC: 27    Str:  7    XL:     7   Next: 13%
Magic:  2/13       EV:  2    Int: 22    God:
Gold:   185        SH:  4    Dex: 11    Spells: 8/14 levels left

rFire   . . .      SeeInvis +    (no weapon)
rCold   . . .      Faith    .    (no shield)
rNeg    . . .      Spirit   .    (body armour currently unavailable)
rPois   +          Reflect  .    (helmet currently unavailable)
rElec   .          Harm     .    (cloak currently unavailable)
rCorr   .          Rampage  .    (gloves currently unavailable)
Will    .....      NoTele   +    (boots currently unavailable) Stlth
                                 (no amulet)
HPRegen 0.37/turn                e - +4 ring of protection
MPRegen 0.13/turn                x - ring of see invisible

@: berserking (expiring), tree-form, very quick
A: stationary, stasis, torment immunity, boosted hp, (icy blue scales 1),
powered by pain 1, condensation shield, (demonic touch 2)
a: no special abilities


You were on level 5 of the Dungeon.
You were a tree.
You visited 1 branch of the dungeon, and saw 5 of its levels.

You collected 185 gold pieces.

Inventory:

Hand Weapons
 c - a +0 dagger
 n - a +0 quarterstaff
Missiles
 m - 5 silver javelins
Armour
 a - a +0 robe
 i - a scarf of resistance (melded)
 q - a +0 leather armour (melded)
Magical Staves
 j - a staff of air
Jewellery
 e - a +4 ring of protection (left branch)
 x - a ring of see invisible (right branch)
Wands
 k - a wand of flame (14)
Scrolls
 b - a scroll of blinking {unknown}
 h - a scroll of fear {unknown}
 l - a scroll of poison {unknown}
 p - 2 scrolls of immolation
 r - 2 scrolls of teleportation {unknown}
 s - a scroll of brand weapon {unknown}
 u - a scroll of vulnerability {unknown}
Potions
 d - a potion of might
 g - a potion of experience {unknown}
 o - a potion of flight {unknown}
 t - a potion of haste
 v - 2 potions of curing {unknown}
 w - a potion of attraction {unknown}
 A - a potion of brilliance {unknown}


   Skills:
 - Level 1.7 Dodging
 - Level 1.7 Stealth
 + Level 4.3 Spellcasting
 * Level 7.5 Conjurations


You had 8 spell levels left.
You knew the following spells:

 Your Spells              Type           Power      Damage    Failure   Level
a - Magic Dart            Conj           100%       1d8       1%          1
b - Searing Ray           Conj           74%        2d7       1%          2
c - Dazzling Flash        Conj/Hex       42%        N/A       7%          3

Your spell library contained the following spells:

 Spells                   Type           Power      Damage    Failure   Level
 Blink                    Tloc           8%         N/A       16%         2
 Sublimation of Blood     Necr           4%         N/A       16%         2
 Wereblood                Tmut           4%         N/A       16%         2
 Fulminant Prism          Conj/Hex       10%        3d8       22%         4
 Iskenderun's Mystic Bla  Conj/Tloc      21%        2d6       22%         4
 Frozen Ramparts          Ice            8%         1d2       32%         3
 Ice Form                 Ice/Tmut       4%         N/A       71%         4
 Manifold Assault         Tloc           4%         N/A       71%         4
 Summon Ice Beast         Ice/Summ       4%         N/A       71%         4
 Storm Form               Tmut/Air       2%         N/A       100%        7
 Summon Hydra             Summ           2%         N/A       100%        7


Dungeon Overview and Level Annotations

Branches:
Dungeon (5/15)
 Temple: D:4-7

Altars:
Gozag


Innate Abilities, Weirdness & Mutations

You are a tree.
Your roots penetrate the ground, keeping you stationary.
You cannot be teleported.
You are immune to unholy pain and torment.
Your maximum health is greatly increased.
Your equipment is partially melded.
((You are partially covered in icy blue scales. (AC +2)))
You sometimes gain a little power by taking damage.
A meltable shield of frost defends you. (SH +4)
((Your touch may inflict irresistible damage on your foes.))


Message History

You block the gnoll's attack.
You hit the gnoll. Your punch misses the gnoll.
The gnoll is lightly wounded.
The gnoll hits you with a +0 flail.
* * * LOW HITPOINT WARNING * * *
The gnoll hits you but does no damage.
You barely miss the gnoll.
The gnoll is lightly wounded.
The gnoll barely misses you.
The gnoll hits you from afar with a +0 spear.
* * * LOW HITPOINT WARNING * * *
It was a potion of berserk rage.
A red film seems to cover your vision as you go berserk!
You feel yourself moving faster!
You feel mighty! The gnoll hits you but does no damage.
The gnoll barely misses you.
You are too berserk!
Unknown command.
Unknown command.
Unknown command.
You smack the gnoll!
The gnoll is almost dead.
The gnoll hits you but does no damage.
You smack the gnoll!
You kill the gnoll!
The gnoll hits you but does no damage.
You are too berserk!
Unknown command.
You are too berserk!
You are too berserk!
Sorry, you're not good enough to have a special ability.
Sorry, you're not good enough to have a special ability.
You cannot move.
You cannot move.
You cannot move.
A gnoll is nearby!
The gnoll hits you but does no damage.
Your magical contamination has completely faded away.
You feel a strong urge to attack something.
The gnoll hits you from afar with a +0 spear.
You die...

#................
#....#..÷)...#
#............#
#########...##.......##
#.....)....####.g)#...#
#...<).....# ###g#.#.#
#..........# #.#...#
#..........######g.._.##
#..............♣)......#
#.............###...#..#
#############.)...†....#
#####..#..... .....#...
#.###..... #. ##.>. ..
... .# .


You could see a gnoll.

Vanquished Creatures
  Sigmund (D:5)
  A gnoll sergeant (D:5)
  A hound (D:5)
  An orc priest (D:3)
  2 gnoll boudas
  2 iguanas (D:5)
  Terence (D:2)
  7 gnolls
  An adder (D:2)
  A shadow imp (D:5)
  An ufetubus (D:4)
  2 worms (D:2)
  2 dart slugs
  3 orcs (D:3)
  5 endoplasms
  5 goblins
  4 hobgoblins
  12 jackals
  4 kobolds
  3 quokkas
  8 ball pythons
  3 bats
  2 frilled lizards
  A rat (D:1)
73 creatures vanquished.

Vanquished Creatures (others)
  18 plants (D:5)
18 creatures vanquished.

Grand Total: 91 creatures vanquished

Notes
Turn   | Place    | Note
-------+----------+-------------------------------------------
     0 | D:1      | KleinerIrrer the Demonspawn Conjurer began the quest for
                  | the Orb.
     0 | D:1      | Reached XP level 1. HP: 13/13 MP: 3/3
   185 | D:1      | Gained mutation: Your touch may inflict minor irresistible
                  | damage on your foes. [demonic ancestry]
   185 | D:1      | Reached XP level 2. HP: 14/19 MP: 0/5
   872 | D:2      | Gained mutation: You are partially covered in icy blue
                  | scales. (AC +2) [demonic ancestry]
   872 | D:2      | Reached XP level 3. HP: 24/24 MP: 1/6
   929 | D:2      | Noticed Terence
   949 | D:1      | Learned a level 2 spell: Searing Ray
   953 | D:1      | Learned a level 3 spell: Dazzling Flash
   982 | D:2      | Killed Terence
   983 | D:2      | Reached skill level 5 in Conjurations
  1243 | D:2      | Found a faded altar of an unknown god.
  1402 | D:2      | Gained mutation: Your touch may inflict irresistible damage
                  | on your foes. [demonic ancestry]
  1402 | D:2      | Reached XP level 4. HP: 30/30 MP: 0/8
  2463 | D:3      | Gained mutation: You sometimes gain a little power by
                  | taking damage. [demonic ancestry]
  2463 | D:3      | Reached XP level 5. HP: 26/35 MP: 5/9
  2986 | D:4      | Reached skill level 6 in Conjurations
  3013 | D:5      | Entered Level 5 of the Dungeon
  3083 | D:5      | Found an opulent altar of Gozag.
  3094 | D:5      | Gained mutation: A meltable shield of frost defends you.
                  | (SH +4) [demonic ancestry]
  3094 | D:5      | Reached XP level 6. HP: 21/41 MP: 2/11
  3094 | D:5      | Noticed Sigmund
  3167 | D:5      | Killed Sigmund
  3168 | D:5      | Reached skill level 7 in Conjurations
  3175 | D:5      | HP: 3/61 [poisoned by Sigmund]
  3377 | D:5      | Reached XP level 7. HP: 34/46 MP: 3/13
  3392 | D:5      | HP: 3/69 [gnoll/+0 flail[a gnoll bouda] (5)]
  3393 | D:5      | HP: 1/69 [gnoll/+0 spear[a gnoll bouda] (2)]
  3399 | D:5      | Slain by a gnoll

Illustrated notes

Levels and vault maps discovered:
D:1:      grunt_arrival_crossed_arrows, layout_rooms, due_unseen_surprise
D:2:      layout_basic, ebering_ecumenical_altar_webs, minmay_split_cup_small,
          uniq_terence
D:3:      layout_basic
D:4:      layout_loops_ring, chequers_serial_rivers_micro_a
D:5:      layout_rooms, mainiacjoe_overflow_tiny_flanked, nicolae_grassy_gnolls,
          uniq_sigmund

Skill      XL: |  1  2  3  4  5  6 |
---------------+-------------------+-----
Conjurations   | 5 6 7 |  7.5
Spellcasting   | 3 4 |  4.3
Dodging        | |  1.7
Stealth        | |  1.7

Action                     |  1- 3 |  4- 6 |  7- 9 || total
---------------------------+-------+-------+-------++-------
  Melee: Unarmed           |    24 |    93 |     7 ||   124
         Dagger            |     9 |     9 |       ||    18
         Touch             |     2 |    25 |       ||    27
         Punch             |       |     1 |       ||     1
   Cast: Magic Dart        |    67 |    28 |     3 ||    98
         Searing Ray       |     4 |     7 |       ||    11
         Dazzling Flash    |     1 |     1 |       ||     2
    Use: Potion            |     2 |     4 |     2 ||     8
         Scroll            |       |     4 |       ||     4
   Stab: Invisible         |     1 |       |       ||     1
         Sleeping          |       |     1 |       ||     1
 Armour: Robe              |     8 |     7 |       ||    15
         Leather armour    |       |    65 |     2 ||    67
         Skin              |       |       |     7 ||     7
  Dodge: Dodged            |    48 |   125 |     9 ||   182
  Block: Other             |       |     2 |     3 ||     5

Table legend: (Time is in decaauts)
 A = Elapsed time spent in this place.
 B = Non-inter-level travel time spent in this place.
 C = Inter-level travel time spent in this place.
 D = Time resting spent in this place.
 E = Time spent auto-exploring this place.
 F = Levels seen in this place.
 G = Mean time per level.
                   A        B        C        D        E       F      G
               +--------+--------+--------+--------+--------+-----+--------+
         Total |   3376 |   3306 |     70 |    224 |   2464 |   5 |  675.2 |
       Dungeon |   3376 |   3306 |     70 |    224 |   2464 |   5 |  675.2 |
               +--------+--------+--------+--------+--------+-----+--------+

Top non-repeatable levels by time:
     D:2: 1026 daAuts
     D:3: 891 daAuts
     D:1: 874 daAuts
     D:5: 364 daAuts
     D:4: 218 daAuts
